 Dungeon Crawl Stone Soup version 0.18.1-6-gd335043 (webtiles) character file.

75 dysrexia the Insei (level 4, 0/37 HPs)
             Began as a Human Monk on May 17, 2016.
             Succumbed to an adder's poison
             ... on level 2 of the Dungeon.
             The game lasted 00:05:27 (1094 turns).

dysrexia the Insei (Human Monk)                     Turns: 1094, Time: 00:05:27

Health: 0/37       AC:  4    Str: 11    XL:     4   Next: 55%
Magic:  4/4        EV: 13    Int: 11    God:
Gold:   88         SH:  0    Dex: 16    Spells: 0 memorised, 3 levels left

rFire  + . .     SeeInvis .       - Unarmed
rCold  . . .     Gourm    .     k - +0 leather armour (curse)
rNeg   . . .     Faith    .     (no shield)
rPois  .         Spirit   .     (no helmet)
rElec  .         Dismiss  .     (no cloak)
rCorr  .         Reflect  .     g - +0 pair of gloves
SustAt .         Harm     .     (no boots)
MR     .....                    (no amulet)
Stlth  ++........               (no ring)
                                h - ring of protection from fire

@: lethally poisoned (0 -> -4), flying, not resistant to hostile enchantments,
unstealthy
A: no striking features
a: no special abilities


You were on level 2 of the Dungeon.
You were hungry.

You visited 1 branch of the dungeon, and saw 2 of its levels.

You collected 88 gold pieces.

Inventory:

Missiles
 n - 18 poisoned needles
 s - 24 stones (quivered)
Armour
 a - a +0 robe
 g - a +0 pair of gloves (worn)
 i - a +0 chain mail
 k - a cursed +0 leather armour (worn)
Jewellery
 h - a ring of protection from fire (left hand)
Wands
 v - a wand of acid (3/15)
Scrolls
 c - a scroll of fog {unknown}
 d - a scroll of identify {unknown}
 f - a scroll of recharging {unknown}
 l - a scroll of noise {unknown}
 o - 2 scrolls of immolation {unknown}
 p - 3 scrolls of remove curse {unknown}
 r - a scroll of amnesia {unknown}
Potions
 j - a potion of heal wounds {unknown}
 q - a potion of resistance {unknown}
 t - a potion of haste {unknown}
 u - a potion of curing {unknown}
Comestibles
 b - a bread ration
 m - 2 chunks of flesh
 w - a slice of pizza


   Skills:
 * Level 3.8 Fighting
 - Level 3.0 Dodging
 - Level 2.0 Stealth
 - Level 5.1 Unarmed Combat


You had 3 spell levels left.
You didn't know any spells.

Dungeon Overview and Level Annotations

Branches:
Dungeon (2/15)

Altars:
Gozag
Pakellas


Message History

The bat closely misses you. The bat hits you but does no damage.
You hit the bat.
You kill the bat!
An adder comes into view.
The gnoll hits you from afar with a halberd!
* * * LOW HITPOINT WARNING * * *
The adder completely misses you. The adder misses you. The adder bites you.
* * * LOW HITPOINT WARNING * * *
You are lethally poisoned!
The adder poisons you! The adder closely misses you.
Drink which item? (? for menu, Esc to quit)
You can't drink that!
Drink which item? (? for menu, Esc to quit)
It was a potion of flight.
You feel very buoyant.
You fly up into the air.
You die...

#.##.#................... #
###.##.#...................
#######..........###.#####.#####.
..........##.##..# #.# #.# #.
#######...#.#.#..###.# ##.# #.
#....###...g.g.# #..#####.
#.....#.#..###.# ##........
####.#.##S...#.###..#...##. ##
#.#.<..@#.#.†...#.#..... .#
#.#####.#.#..#########g. .#
#.......# #...#.._..#... .######
#.####### #..#.......#.. .##...#
#># #.###########. .<....# #.#
.#............. .##...#
#<#######...........##.. .###)###
#................##..... .#.....#
#.###########.##.#######


You could see a gnoll and an adder.

Vanquished Creatures
  2 adders
  2 gnolls (D:2)
  2 giant geckos
  A ball python (D:2)
  6 bats
  2 giant cockroaches (D:1)
  4 goblins
  7 hobgoblins
  2 jackals (D:1)
  A giant newt (D:1)
  3 rats
32 creatures vanquished.

Notes
Turn   | Place    | Note
--------------------------------------------------------------
     0 | D:1      | dysrexia the Human Monk began the quest for the Orb.
     0 | D:1      | Reached XP level 1. HP: 18/18 MP: 1/1
   141 | D:1      | Reached XP level 2. HP: 23/24 MP: 2/2
   294 | D:1      | Reached XP level 3. HP: 26/29 MP: 3/3
   614 | D:1      | Reached skill level 5 in Unarmed Combat
   637 | D:2      | Reached XP level 4. HP: 27/35 MP: 4/4
   768 | D:2      | Found an oddly glowing altar of Pakellas.
   878 | D:2      | Found an opulent altar of Gozag.
  1093 | D:2      | HP: 1/37 [adder (4)]
  1094 | D:2      | Succumbed to an adder's poison

Skill      XL: |  1  2  3 |
---------------+----------+-----
Unarmed Combat | 5 |  5.1
Fighting       | |  3.8
Dodging        | |  3.0
Stealth        | |  2.0

Action                   |  1- 3 |  4- 6 || total
-------------------------+-------+-------++-------
Melee: Unarmed           |    87 |    27 ||   114
       Punch             |     2 |       ||     2
Throw: Stone             |       |     1 ||     1
  Use: Potion            |       |     1 ||     1
 Stab: Sleeping          |     4 |       ||     4
Armor: Robe              |    25 |       ||    25
       Leather armour    |     3 |    11 ||    14
Dodge: Dodged            |    62 |    29 ||    91
